 Dungeon Crawl Stone Soup version 0.22-a0-407-gb098539 (webtiles) character file.

28 Ijustatesigmund the Sneak (level 2, -4/15 HPs)
             Began as a Spriggan Assassin on May 9, 2018.
             Shot with an arrow by a centaur (14 damage)
             ... on level 3 of the Dungeon.
             The game lasted 00:01:36 (665 turns).

Ijustatesigmund the Sneak (Spriggan Assassin)        Turns: 665, Time: 00:01:36

Health: -4/15      AC:  3    Str:  7    XL:     2   Next: 96%
Magic:  3/3        EV: 17    Int: 12    God:
Gold:   93         SH:  0    Dex: 17    Spells: 1/1 levels left

rFire    . . .     SeeInvis +   a - +2 dagger
rCold    . . .     Gourm    .   (shield restricted)
rNeg     . . .     Faith    .   c - +0 robe
rPois    .         Spirit   .   (helmet restricted)
rElec    .         Reflect  .   d - +0 cloak
rCorr    .         Harm     .   (gloves unavailable)
MR       .....                  (boots unavailable)
Stlth    +++.......             (no amulet)
HPRegen  0.05/turn              (no ring)
MPRegen  0.08/turn              (no ring)

@: very quick
A: very small, unfitting armour, see invisible, herbivore, speed 3, slow
metabolism 2
a: no special abilities


You were on level 3 of the Dungeon.
You were not hungry.

You visited 1 branch of the dungeon, and saw 3 of its levels.

You collected 93 gold pieces.

Inventory:

Hand Weapons
 a - a +2 dagger (weapon)
 b - a +0 blowgun
Missiles
 e - 8 poisoned needles
 f - 2 curare-tipped needles
Armour
 c - a +0 robe (worn)
 d - a +0 cloak (worn)
Jewellery
 o - an uncursed ring of fire
Potions
 h - 2 potions of invisibility {unknown}
 i - 2 potions of curing {unknown}
 j - a potion of haste {unknown}
 m - a potion of berserk rage {unknown}
 n - a potion of might {unknown}
 p - 2 potions of magic {unknown}
Comestibles
 g - 3 rations


   Skills:
 + Level 2.3 Fighting
 + Level 3.1 Short Blades
 - Level 2.0 Throwing
 - Level 1.5 Dodging
 - Level 5.8 Stealth


You had one spell level left.
You didn't know any spells.

Dungeon Overview and Level Annotations

Branches:
Dungeon (3/15)

Altars:
Gozag
Trog


Innate Abilities, Weirdness & Mutations

You are very small and have problems with some larger weapons.
You are too small for most types of armour.
You have supernaturally acute eyesight. (SInv)
You are a herbivore.
You cover ground extremely quickly.
You need to consume almost no food.


Message History

No target in view!
No target in view!
No target in view!
Things that are here:
3 stones; a kobold corpse
There is an open door here.
A crimson imp comes into view.
An adder comes into view.
The adder hisses angrily.
A frilled lizard comes into view.
The crimson imp shouts!
The frilled lizard hisses angrily.
You hit the crimson imp but do no damage.
The frilled lizard bites you.
The crimson imp hits you but does no damage.
You closely miss the crimson imp. The adder bites you.
A centaur comes into view.
You miss the crimson imp. The frilled lizard bites you.
The crimson imp blinks!
The centaur wields a shortbow.
The centaur shoots an arrow.
The arrow hits you!
Ouch! That really hurt!
You die...

#...# ..#
#...##+#P.##+##
#....(........#
#...........8..
#.....###+#....
#..##'# .
.#####..#).#
........#.(#
.......@####
......S§l......
.5.............
#.....#c####.##
#.....#.. ..
#.....##.
#..... # #....


You could see a centaur, a crimson imp, an adder and a frilled lizard.

Vanquished Creatures
  A dart slug (D:1)
  A leopard gecko (D:1)
  2 bats (D:1)
  A giant cockroach (D:1)
  6 goblins
  2 hobgoblins (D:1)
  5 kobolds
  2 ball pythons (D:1)
  A frilled lizard (D:1)
  A rat (D:1)
22 creatures vanquished.

Notes
Turn   | Place    | Note
-------+----------+-------------------------------------------
     0 | D:1      | Ijustatesigmund the Spriggan Assassin began the quest for the Orb.
     0 | D:1      | Reached XP level 1. HP: 10/10 MP: 2/2
   116 | D:1      | Reached XP level 2. HP: 15/15 MP: 3/3
   610 | D:1      | You fall through a shaft!
   610 | D:2      | Found a bloodstained altar of Trog.
   610 | D:2      | Found an opulent altar of Gozag.
   659 | D:3      | Noticed a crimson imp
   665 | D:3      | Noticed a centaur
   665 | D:3      | Shot with an arrow by a centaur

Vault maps used:
D:1:      dpeg_arrival_concentric_ovals
D:2:      grunt_temple_overflow_diamond, gammafunk_temple_overflow_statue,
          nicolae_overflow_hidden_temple, minmay_misc_feat_doors
D:3:      corexii_shack_village, st_stairs_10, uniq_jessica, uniq_terence

Skill      XL: |  1  2 |
---------------+-------+-----
Fighting       | 2 |  2.3
Short Blades   | 3 |  3.1
Throwing       | |  2.0
Dodging        | |  1.5
Stealth        | |  5.8

Action                   || total
-------------------------++-------
Melee: Dagger            ||    74
  Use: Scroll            ||     2
 Stab: Sleeping          ||     9
Armor: Robe              ||     6
Dodge: Dodged            ||    47

Table legend:
 A = Spawn XP
 B = Non-spawn XP
 C = Spawn XP percentage of total XP
 D = Spawn monster count
 E = Non-spawn monster count
 F = Spawn count percentage of total count
 G = Total turns spent on level
                    A         B        C        D         E        F      G
               +---------+---------+-------+---------+---------+-------+---------
         Total |       0 |      40 |   0.0 |       0 |      22 |   0.0 |   665
               +---------+---------+-------+---------+---------+-------+---------
           D:1 |       0 |      36 |   0.0 |       0 |      20 |   0.0 |   610
           D:3 |       0 |       4 |   0.0 |       0 |       2 |   0.0 |    42
               +---------+---------+-------+---------+---------+-------+---------
